 Dungeon Sprint DCSS version 0.18-a0-1027-g814d7dd (console) character file.

14282 FIQ the Warrior (level 11, -4/102 HPs)
             Began as a Demonspawn Berserker on Jan 8, 2016.
             Was the Champion of Trog.
             Slain by an ice devil (15 damage)
             ... summoned by an orc high priest
             ... in the Dungeon (Sprint IX: "|||||||||||||||||||||||||||||").
             The game lasted 00:09:20 (1707 turns).

FIQ the Warrior (Demonspawn Berserker)              Turns: 1707, Time: 00:09:21

Health: -4/102     AC: 21    Str: 23    XL:     11   Next: 86%
Magic:  11/11      EV: 20    Int:  8    God:    Trog [******]
Gold:   1538       SH:  0    Dex: 16    Spells: 0 memorised, 10 levels left

rFire  + . .     SeeInvis .     n - +3 war axe {flame, rF+ rN+ MR+ Stlth-}
rCold  . . .     Gourm    .     p - +0 plate armour
rNeg   + . .     Faith    .     (no shield)
rPois  .         Spirit   .     (helmet restricted)
rElec  .         Dismiss  .     y - +0 cloak
rCorr  .         Reflect  .     (no gloves)
SustAt .         Harm     .     x - +0 pair of boots
MR     +++..     NoTele   +     (no amulet)
Stlth  ..........               q - +2 ring of evasion
                                b - +2 ring of protection

@: mighty, exhausted, very slightly contaminated, starving, regenerating,
invisible, extremely resistant to hostile enchantments, extremely unstealthy
A: horns 2, repulsion field 2, nightstalker 1, rot immunity
a: Berserk, Trog's Hand, Brothers in Arms, Burn Spellbooks, Renounce Religion


You were in the Dungeon.
You worshipped Trog.
Trog was exalted by your worship.
You were starving.

You visited 1 branch You collected 1538 gold pieces.

Inventory:

Hand Weapons
 a - the +7 war axe of Coraamat {flame, rC+ Str+5}
   (Trog gifted it to you in the Dungeon)

   It has been specially enchanted to burn those struck by it, causing extra
   injury to most foes and up to half again as much damage against particularly
   susceptible opponents.
   Big, fiery blades are also staple armaments of hydra-hunters.
   It affects your strength (+5).
   It protects you from cold.
 n - the +3 war axe of Embarrassment (weapon) {flame, rF+ rN+ MR+ Stlth-}
   (You found it in the Dungeon)

   It has been specially enchanted to burn those struck by it, causing extra
   injury to most foes and up to half again as much damage against particularly
   susceptible opponents.
   Big, fiery blades are also staple armaments of hydra-hunters.
   It protects you from fire.
   It protects you from negative energy.
   It affects your resistance to hostile enchantments.
   It makes you less stealthy.
Armour
 o - a +0 cloak
 p - a +0 plate armour (worn)
 x - a +0 pair of boots (worn)
 y - a +0 cloak (worn)
Jewellery
 b - a +2 ring of protection (left hand)
 q - a +2 ring of evasion (right hand)
Wands
 m - a wand of fire (1/15)
Scrolls
 i - 3 scrolls of blinking
 l - 3 scrolls of remove curse
 t - a scroll of fog
 u - 2 scrolls of enchant armour
 v - 2 scrolls of recharging
Potions
 c - a potion of brilliance
 d - 5 potions of curing
 g - 4 potions of magic
 h - 3 potions of berserk rage
 s - a potion of flight
Comestibles
 f - 40 fruits
 j - 12 bread rations
 w - 12 meat rations
 z - 5 chunks of flesh


   Skills:
 + Level 15.0 Fighting
 + Level 13.1(13.4) Axes
   Level 5.2(10.1) Maces & Flails
 + Level 13.8 Armour
 + Level 13.8 Dodging


You had 10 spell levels left.
You didn't know any spells.

Dungeon Overview and Level Annotations

Branches:
Dungeon (1/1)

Altars:
Cheibriados
Dithmenos
Elyvilon
Fedhas
Gozag
Kikubaaqudgha
Makhleb
Nemelex Xobeh
Okawaru
Pakellas
Qazlal
Ru
Sif Muna
Trog
Vehumet
Xom
Yredelemnul
Zin
The Shining One
Beogh
Jiyva
Lugonu

Shops:
D *!*[


Innate Abilities, Weirdness & Mutations

You have a pair of horns on your head.
You are surrounded by a moderate repulsion field (EV +3).
You are slightly more attuned to the shadows.
You are immune to rotting.


Message History

You are very lightly contaminated with residual magic.
You hit the orc knight. You burn the orc knight. You headbutt the orc knight!
The orc knight is almost dead.
The orc high priest mumbles some strange prayers to Beogh.
You slice the orc knight!! You burn the orc knight.
You kill the orc knight!
Trog accepts your kill.
Your Fighting skill increases to level 15!
You strike the helpless ice devil from behind!
You hit the ice devil but do no damage. The ice devil misses you.
You slash the ice devil! You burn the ice devil.
The ice devil is moderately wounded.
You are starving!
The orc high priest invokes the aid of Beogh against you.
Something smites you!
* * * LOW HITPOINT WARNING * * *
The ice devil hits you.
* * * LOW HITPOINT WARNING * * *
The ice devil freezes you!
You die...

▓.▓.▓)▓.▓'▓
▓)▓.▓)▓.▓.▓
▓)▓.▓'▓.▓?▓
▓)▓.▓.▓.▓|▓
▓)▓.▓.▓.▓)▓
▓.▓.▓.▓.▓[▓
▓.▓.▓.▓.▓.▓
▓∩▓.▓.▓.▓[▓
▓.▓.▓.▓.▓.▓
▓∩▓.▓.▓.▓.▓
▓@▓.▓.▓.▓(▓
▓4▓.▓.▓.▓)▓
▓3▓.▓.▓.▓)▓
▓o▓.▓)▓.▓.▓
▓o▓.▓.▓.▓.▓
▓.▓.▓'▓.▓.▓
▓4▓.▓.▓.▓.▓
▓.▓.▓.▓)▓
▓.▓[▓.▓.▓
▓.▓[▓.▓.▓
▓.▓.▓.▓.▓


You could see 2 orc high priests, an orange demon (wandering), an ice devil and
a neqoxec.

Vanquished Creatures
  3 hydras (D)
  A catoblepas (D)
  3 death yaks (D)
  2 orc high priests (D)
  A hill giant (D)
  A lindwurm (D)
  5 orc knights (D)
  2 orc sorcerers (D)
  An elephant (D)
  A black mamba (D)
  A spiny frog (D)
  A komodo dragon (D)
  An efreet (D)
  2 trolls (D)
  A wyvern (D)
  3 yaks (D)
  A hungry ghost (D)
  A hippogriff (D)
  2 wolves (D)
  A water moccasin (D)
  2 porcupines (D)
  9 orc warriors (D)
  A black bear (D)
  An ogre (D)
  A centaur (D)
  3 crocodiles (D)
  A giant frog (D)
  An orc priest (D)
  2 hounds (D)
  4 orc wizards (D)
  An adder (D)
  A river rat (D)
  An ooze (D)
  A giant gecko (D)
  11 orcs (D)
  A ball python (D)
  A bat skeleton (D)
  A goblin (D)
  A quokka (D)
  A bat (D)
  A giant newt (D)
  A rat (D)
81 creatures vanquished.

Vanquished Creatures (others)
  A yak (D)
  An orc wizard (D)
2 creatures vanquished.

Grand Total: 83 creatures vanquished

Notes
Turn   | Place    | Note
--------------------------------------------------------------
     0 | D        | FIQ the Demonspawn Berserker began the quest for the Orb.
     0 | D        | Reached XP level 1. HP: 18/18 MP: 1/1
    12 | D        | Reached ** piety under Trog
    31 | D        | Noticed an ogre
    31 | D        | Noticed a hound
    37 | D        | Reached *** piety under Trog
    37 | D        | Gained mutation: You are slightly more attuned to the shadows. [demonic ancestry]
    37 | D        | Reached XP level 2. HP: 25/25 MP: 2/2
    41 | D        | Reached skill level 4 in Fighting
    48 | D        | Killed an ogre
    48 | D        | Reached skill level 5 in Fighting
    48 | D        | Gained mutation: You have a pair of small horns on your head. [demonic ancestry]
    48 | D        | Reached XP level 3. HP: 15/33 MP: 3/3
    48 | D        | Reached XP level 4. HP: 17/39 MP: 4/4
    51 | D        | Reached skill level 5 in Maces & Flails
    61 | D        | Found a glowing silver altar of Zin.
    61 | D        | Found a glowing golden altar of the Shining One.
    61 | D        | Found an ancient bone altar of Kikubaaqudgha.
    61 | D        | Found a basalt altar of Yredelemnul.
    61 | D        | Found a shimmering altar of Xom.
    62 | D        | Found a radiant altar of Vehumet.
    63 | D        | Found an iron altar of Okawaru.
    64 | D        | Found a burning altar of Makhleb.
    65 | D        | Found a deep blue altar of Sif Muna.
    66 | D        | Found a bloodstained altar of Trog.
    67 | D        | Found a sparkling altar of Nemelex Xobeh.
    68 | D        | Found a white marble altar of Elyvilon.
    69 | D        | Found a roughly hewn altar of Beogh.
    70 | D        | Found a viscous altar of Jiyva.
    71 | D        | Found a corrupted altar of Lugonu.
    72 | D        | Found a blossoming altar of Fedhas.
    73 | D        | Found a snail-covered altar of Cheibriados.
    74 | D        | Found a shadowy altar of Dithmenos.
    75 | D        | Found a stormy altar of Qazlal.
    76 | D        | Found an opulent altar of Gozag.
    77 | D        | Found a sacrificial altar of Ru.
    78 | D        | Found an oddly glowing altar of Pakellas.
   100 | D        | Got the +3 war axe of Embarrassment {flame, rF+ rN+ MR+ Stlth-}
   269 | D        | Noticed a crocodile
   269 | D        | Noticed a hill giant
   269 | D        | Noticed a centaur
   275 | D        | Killed a hill giant
   275 | D        | Reached **** piety under Trog
   275 | D        | Reached skill level 8 in Fighting
   275 | D        | Reached skill level 5 in Axes
   275 | D        | Gained mutation: You are surrounded by a mild repulsion field (EV +2). [demonic ancestry]
   275 | D        | Reached XP level 5. HP: 10/50 MP: 5/5
   275 | D        | Gained mutation: You are surrounded by a moderate repulsion field (EV +3). [demonic ancestry]
   275 | D        | Reached XP level 6. HP: 11/57 MP: 6/6
   275 | D        | Reached XP level 7. HP: 12/63 MP: 7/7
   293 | D        | Reached ***** piety under Trog
   295 | D        | Received a gift from Trog
   295 | D        | Reached skill level 9 in Fighting
   300 | D        | Got a crystal hunting sling {god gift}
   301 | D        | Identified the +1 hunting sling of Invincibility {velocity, rElec Str+4 Int+2 Stlth-} (Trog gifted it to you in the Dungeon)
   430 | D        | Noticed a wyvern
   430 | D        | Noticed an efreet
   430 | D        | Noticed a troll
   430 | D        | Noticed a troll
   435 | D        | Killed a wyvern
   440 | D        | Noticed a hungry ghost
   442 | D        | Killed an efreet
   442 | D        | Gained mutation: You are immune to rotting. [demonic ancestry]
   442 | D        | Reached XP level 8. HP: 72/72 MP: 8/8
   450 | D        | Killed a troll
   450 | D        | Reached skill level 10 in Fighting
   458 | D        | Killed a troll
   643 | D        | Noticed a komodo dragon
   645 | D        | Received a gift from Trog
   647 | D        | Noticed a spiny frog
   649 | D        | Reached XP level 9. HP: 79/79 MP: 9/9
   650 | D        | Noticed a black mamba
   654 | D        | Killed a komodo dragon
   655 | D        | Noticed an eight-headed hydra
   656 | D        | Reached skill level 11 in Fighting
   656 | D        | Reached skill level 10 in Dodging
   657 | D        | Noticed a five-headed hydra
   659 | D        | Killed a spiny frog
   659 | D        | Reached skill level 10 in Armour
   698 | D        | Killed a black mamba
   700 | D        | Killed an eight-headed hydra
   701 | D        | Killed a five-headed hydra
   701 | D        | Reached skill level 12 in Fighting
   701 | D        | Reached skill level 10 in Axes
   701 | D        | Reached XP level 10. HP: 30/89 MP: 10/10
   902 | D        | Noticed an eight-headed hydra
   905 | D        | Noticed a lindwurm
   907 | D        | Killed a four-headed hydra
   913 | D        | Noticed an elephant
   923 | D        | Killed a lindwurm
   931 | D        | Killed an elephant
   938 | D        | Reached skill level 13 in Fighting
   968 | D        | Noticed a death yak
   968 | D        | Noticed a death yak
   968 | D        | Noticed a death yak
   980 | D        | Killed a death yak
   981 | D        | Noticed a catoblepas
   988 | D        | Killed a death yak
   988 | D        | Received a gift from Trog
  1060 | D        | Killed a death yak
  1060 | D        | Reached ****** piety under Trog
  1060 | D        | Gained mutation: You have a pair of horns on your head. [demonic ancestry]
  1060 | D        | Reached XP level 11. HP: 40/98 MP: 11/11
  1075 | D        | Killed a catoblepas
  1089 | D        | Received a gift from Trog
  1472 | D        | Noticed an orc knight
  1491 | D        | Killed an orc knight
  1491 | D        | Received a gift from Trog
  1491 | D        | Reached skill level 14 in Fighting
  1504 | D        | Got a smoking war axe {god gift}
  1505 | D        | Identified the +7 war axe of Coraamat {flame, rC+ Str+5} (Trog gifted it to you in the Dungeon)
  1530 | D        | Noticed an orc knight
  1530 | D        | Noticed an orc knight
  1530 | D        | Noticed an orc knight
  1544 | D        | Killed an orc knight
  1548 | D        | Killed an orc knight
  1555 | D        | Killed an orc knight
  1555 | D        | Received a gift from Trog
  1598 | D        | Received a gift from Trog
  1651 | D        | Noticed an orc high priest
  1651 | D        | Noticed an orc high priest
  1651 | D        | Noticed an orc sorcerer
  1657 | D        | Killed an orc high priest
  1663 | D        | Found Suraisar's Assorted Antiques.
  1667 | D        | Killed an orc high priest
  1671 | D        | Killed an orc sorcerer
  1671 | D        | Received a gift from Trog
  1675 | D        | Found Meupn's Distillery.
  1682 | D        | Found Cufuonit's Assorted Antiques.
  1686 | D        | Found Teileo Poygh's Armour Shoppe.
  1687 | D        | Noticed an orc sorcerer
  1688 | D        | Noticed an orc knight
  1689 | D        | Noticed an orc high priest
  1692 | D        | Noticed an orc high priest
  1694 | D        | Killed an orc sorcerer
  1694 | D        | Received a gift from Trog
  1705 | D        | Killed an orc knight
  1705 | D        | Reached skill level 15 in Fighting
  1707 | D        | Slain by an ice devil

Vault maps used:
D:        linesprint

Action                   |  1- 3 |  4- 6 |  7- 9 | 10-12 || total
-------------------------+-------+-------+-------+-------++-------
Melee: Mace              |    28 |     3 |       |       ||    31
       War axe           |       |     4 |    69 |   252 ||   325
Invok: Trog's Hand       |     1 |     1 |     3 |     5 ||    10
       Berserk           |     1 |     1 |     2 |     4 ||     8
       Brothers in Arms  |       |       |     3 |       ||     3
Evoke: Wand              |       |       |     5 |     1 ||     6
  Use: Potion            |       |       |     4 |     4 ||     8
 Stab: Petrified         |       |       |       |     4 ||     4
       Petrifying        |       |       |       |     1 ||     1
       Invisible         |       |       |       |     1 ||     1
  Eat: Chunk             |       |       |     3 |     7 ||    10
       Bread ration      |       |       |     1 |       ||     1
